 Dungeon Crawl Stone Soup version 0.18.1-48-g4cf74bf (webtiles) character file.

5054 dearth the Cleaver (level 10, -7/90 HPs)
             Began as a Hill Orc Fighter on Aug 5, 2016.
             Was a Follower of Okawaru.
             Splashed by an orc warrior's acid (12 damage)
             ... on level 9 of the Dungeon.
             The game lasted 00:22:46 (7720 turns).

dearth the Cleaver (Hill Orc Fighter)               Turns: 7720, Time: 00:22:47

Health: -7/90      AC:  8    Str: 30    XL:     10   Next: 56%
Magic:  13/13      EV:  8    Int:  8    God:    Okawaru [*.....]
Gold:   498        SH: 13    Dex: 10    Spells: 0 memorised, 9 levels left

rFire  . . .     SeeInvis .     a - +1 war axe (flame)
rCold  . . .     Gourm    .     b - +0 scale mail
rNeg   . . .     Faith    .     c - +1 shield
rPois  .         Spirit   .     k - +0 helmet
rElec  .         Dismiss  .     (no cloak)
rCorr  .         Reflect  .     (no gloves)
SustAt .         Harm     .     r - +1 pair of boots
MR     .....                    (no amulet)
Stlth  ..........               (no ring)
                                y - +5 ring of strength

@: corroded, not resistant to hostile enchantments, extremely unstealthy
A: molten scales 1, strong 1
a: Heroism, Renounce Religion


You were on level 9 of the Dungeon.
You worshipped Okawaru.
Okawaru was aware of your devotion.
You were not hungry.

You visited 2 branches of the dungeon, and saw 10 of its levels.

You collected 498 gold pieces.

Inventory:

Hand Weapons
 a - a +1 war axe of flaming (weapon)
Armour
 b - a +0 scale mail (worn)
 c - a +1 shield (worn)
 k - a +0 helmet (worn)
 r - a +1 pair of boots (worn)
Jewellery
 y - a +5 ring of strength (left hand)
Wands
 l - a wand of lightning (4/15)
 z - a wand of flame (26/48)
Scrolls
 g - a scroll of identify
 j - 4 scrolls of remove curse
 m - 2 scrolls of amnesia
 p - a scroll of blinking
 u - 3 scrolls of fog
 v - a scroll of teleportation
Potions
 d - 2 potions of lignification {unknown}
 e - 3 potions of curing
 i - a potion of heal wounds
 t - a potion of invisibility {unknown}
 x - a potion of brilliance
Books
 s - a book of Power

   Spells                             Type                      Level
   a - Fulminant Prism                Conjuration/Hexes            4
   b - Iskenderun's Mystic Blast      Conjuration                  4
   c - Venom Bolt                     Conjuration/Poison           5
   d - Bolt of Magma                  Conjuration/Fire/Earth       5
   e - Iron Shot                      Conjuration/Earth            6
   f - Orb of Destruction             Conjuration                  7
   g - Spellforged Servitor           Conjuration/Summoning        7
Comestibles
 f - 8 bread rations
 h - 4 meat rations
 n - 9 slices of pizza
 o - 9 fruits
 q - 3 beef jerkies
 w - 3 chunks of flesh
 A - 3 royal jellies


   Skills:
 + Level 8.7 Fighting
 * Level 11.9 Axes
 + Level 8.2 Armour
 + Level 7.8 Shields
 + Level 4.2 Evocations


You had 9 spell levels left.
You didn't know any spells.

Dungeon Overview and Level Annotations

Branches:
Dungeon (9/15)             Temple (1/1) D:5
   Lair: D:8-11         Orc: D:9-12

Altars:
Ashenzari
Cheibriados
Dithmenos
Elyvilon
Fedhas
Gozag
Kikubaaqudgha
Makhleb
Nemelex Xobeh
Okawaru
Qazlal
Ru
Sif Muna
Trog
Vehumet
Xom
Yredelemnul
Zin
The Shining One

Shops:
D:8 *   D:9 (


Innate Abilities, Weirdness & Mutations

You are partially covered in molten scales (AC +1).
Your muscles are strong. (Str +2)


Message History

Deactivating autopickup; reactivate with Ctrl-A.
The orc warrior zaps a wand.
The bolt of acid hits you!
The acid burns!
It is a wand of acid.
You hit the orc warrior but do no damage.
You slash the orc warrior! You burn the orc warrior.
The orc warrior is moderately wounded.
You miss something. You block the orc warrior's attack.
Something hits you but does no damage.
Unknown command.
You closely miss the orc warrior.
The orc warrior is moderately wounded.
You barely miss something. The orc warrior hits you with a flail.
Something hits you but does no damage.
The orc wizard shouts!
You slice the orc warrior!! You burn the orc warrior.
The orc warrior is almost dead.
You miss something.
The orc warrior zaps a wand.
The bolt of acid hits you!
* * * LOW HITPOINT WARNING * * *
The acid corrodes you!
The acid burns!
You die...

.......#####'##....∩.###.(.
.......)()).....###...#...
.....####)##..## #...####
#....#....)#..# §§..§# #
#....#.....#..# §§..§§ # #
#....#..)..#..# §§...§ # #.
#....#....†#... §§...§.
#.#####....#..)).#..§§
._.§§§§
###..........#.o@..#..§§
.............##)####.##
..........)....)......#
###..................#
#......<....o.....o#
#......#####)..(..o...
#......# #....[.....
#......# #..........
#......# #.######...


You could see an orc warrior and an orc wizard.

Vanquished Creatures
  The ghost of dearth the Cleaver, a novice HOFi of Okawaru (D:8)
  The ghost of ThereIsNoGod the Cleaver, a novice MiGl of Makhleb (D:6)
  Maurice (D:8)
  The ghost of dearth the Chopper, an amateur HOFi of Okawaru (D:4)
  Sigmund (D:4)
  A wyvern (D:9)
  A human (D:7)
  Menkaure (D:4)
  A water moccasin (D:8)
  Duvessa (D:7)
  An orc warrior (D:9)
  3 black bears
  A phantom (D:7)
  A sky beast (D:4)
  An ogre (D:9)
  A centaur (D:5)
  Blork the orc (D:5)
  7 giant frogs
  Dowan (D:7)
  A scorpion (D:4)
  2 killer bees (D:9)
  A wight (D:7)
  5 electric eels (D:7)
  A howler monkey (D:7)
  A quasit (D:6)
  A jelly (D:6)
  A hound (D:8)
  4 orc priests
  A centaur skeleton (D:4)
  8 orc wizards
  5 worker ants
  2 iguanas
  4 sheep (D:7)
  A hound zombie (D:7)
  10 adders
  4 gnolls (D:5)
  A howler monkey skeleton (D:7)
  A shadow imp (D:5)
  2 oozes
  2 adder zombies
  A worm (D:2)
  A dart slug (D:2)
  2 giant geckos
  19 orcs
  7 giant cockroaches
  11 goblins
  3 hobgoblins
  4 jackals
  7 quokkas
  A ball python (D:1)
  10 bats
  A giant newt (D:4)
  4 kobolds
  4 rats
  3 plants (D:7)
163 creatures vanquished.

Vanquished Creatures (others)
  A giant gecko (D:5)
1 creature vanquished.

Grand Total: 164 creatures vanquished

Notes
Turn   | Place    | Note
--------------------------------------------------------------
     0 | D:1      | dearth the Hill Orc Fighter began the quest for the Orb.
     0 | D:1      | Reached XP level 1. HP: 19/19 MP: 1/1
   360 | D:1      | Reached skill level 3 in Axes
   360 | D:1      | Reached XP level 2. HP: 22/27 MP: 2/2
   869 | D:2      | Reached XP level 3. HP: 31/33 MP: 3/3
  1568 | D:3      | Reached XP level 4. HP: 39/40 MP: 4/4
  1680 | D:3      | Reached skill level 4 in Axes
  1747 | D:3      | Found a basalt altar of Yredelemnul.
  1971 | D:4      | Reached XP level 5. HP: 47/47 MP: 5/5
  2018 | D:4      | Noticed a sky beast
  2041 | D:4      | Killed a sky beast
  2041 | D:4      | Reached skill level 5 in Axes
  2052 | D:4      | Noticed dearth's ghost (amateur HOFi)
  2067 | D:4      | Killed dearth's ghost
  2067 | D:4      | Reached skill level 5 in Fighting
  2067 | D:4      | Reached skill level 6 in Axes
  2067 | D:4      | Reached XP level 6. HP: 23/56 MP: 6/6
  2067 | D:4      | Reached XP level 7. HP: 25/61 MP: 7/7
  2258 | D:4      | Reached skill level 5 in Shields
  2268 | D:4      | Noticed Menkaure
  2281 | D:4      | Killed Menkaure
  2281 | D:4      | Reached skill level 5 in Armour
  2636 | D:4      | Noticed Sigmund
  2644 | D:4      | Killed Sigmund
  2644 | D:4      | Reached skill level 7 in Axes
  2694 | D:5      | Entered Level 5 of the Dungeon
  2782 | D:5      | Reached XP level 8. HP: 70/70 MP: 8/8
  2851 | D:5      | Noticed Blork the orc
  2860 | D:5      | Killed Blork the orc
  2940 | D:5      | Reached skill level 8 in Axes
  3487 | D:5      | Found a staircase to the Ecumenical Temple.
  3496 | Temple   | Entered the Ecumenical Temple
  3948 | D:5      | Gained mutation: Your muscles are strong. (Str +2) [potion of beneficial mutation]
  3949 | D:5      | Gained mutation: You are partially covered in molten scales (AC +1). [potion of beneficial mutation]
  4002 | D:6      | Found a white marble altar of Elyvilon.
  4259 | D:6      | Noticed ThereIsNoGod's ghost (novice MiGl)
  4265 | D:6      | Reached skill level 9 in Axes
  4265 | D:6      | Reached skill level 1 in Evocations
  4267 | D:6      | Killed ThereIsNoGod's ghost
  4267 | D:6      | Reached XP level 9. HP: 68/79 MP: 8/10
  4400 | D:7      | Found a blossoming altar of Fedhas.
  4400 | D:7      | Noticed Dowan
  4401 | D:7      | Noticed Duvessa
  4419 | D:7      | Killed Duvessa
  4432 | D:7      | Killed Dowan
  4510 | D:7      | Found a blossoming altar of Fedhas.
  4535 | D:7      | Reached skill level 10 in Axes
  4645 | D:7      | Found a snail-covered altar of Cheibriados.
  5516 | D:8      | Noticed Maurice
  5536 | D:8      | Killed Maurice
  5564 | D:8      | Found an ancient bone altar of Kikubaaqudgha.
  5601 | D:8      | Found a stormy altar of Qazlal.
  5639 | D:8      | Noticed dearth's ghost (novice HOFi)
  5818 | D:7      | Reached skill level 11 in Axes
  5818 | D:7      | Reached XP level 10. HP: 39/88 MP: 12/12
  6469 | D:7      | Found an iron altar of Okawaru.
  6474 | D:7      | Became a worshipper of Warmaster Okawaru
  6647 | D:8      | Killed dearth's ghost
  6647 | D:8      | Reached * piety under Okawaru
  6873 | D:8      | Found Zin's Purification Station.
  6876 | D:8      | Found a glowing silver altar of Zin.
  6895 | D:8      | Found a shimmering altar of Xom.
  7357 | D:9      | Found a sparkling altar of Nemelex Xobeh.
  7388 | D:9      | Found Ykocebud's Weapon Emporium.
  7399 | D:9      | Found a shadowy altar of Dithmenos.
  7720 | D:9      | Splashed by an orc warrior's acid

Skill      XL: |  1  2  3  4  5  6  7  8  9 10 |
---------------+-------------------------------+-----
Axes           | 3 4 6 7 9 11 | 11.9
Fighting       | 4 5 7 8 |  8.7
Armour         | 4 5 6 7 8 |  8.2
Shields        | 4 5 6 7 |  7.8
Evocations     | 2 3 4 |  4.2

Action                   |  1- 3 |  4- 6 |  7- 9 | 10-12 || total
-------------------------+-------+-------+-------+-------++-------
Melee: War axe           |   108 |    82 |   273 |   190 ||   653
Evoke: Wand              |       |       |       |    12 ||    12
  Use: Potion            |       |     1 |     7 |     2 ||    10
       Scroll            |       |       |    13 |     1 ||    14
  Eat: Chunk             |     2 |     2 |     5 |     8 ||    17
       Fruit             |       |       |     7 |       ||     7
Armor: Scale mail        |    64 |    53 |   152 |    59 ||   328
Dodge: Dodged            |    42 |    36 |    89 |    28 ||   195
Block: Shield            |    74 |    53 |   188 |    71 ||   386
